 Dungeon Crawl Stone Soup version 0.31-a0-986-g5e6e4ef867 (webtiles) character file.

Game seed: 7436218435734863521

3029 wildpjah the Zephyrmancer (level 9, -16/52 HPs)
             Began as a Tengu Air Elementalist on Nov 20, 2023.
             Was an Initiate of Makhleb.
             Demolished by a boulder beetle (21 damage)
             ... on level 7 of the Dungeon.
             The game lasted 00:21:59 (6860 turns).

wildpjah the Zephyrmancer (Tengu Air Elementalist)  Turns: 6860, Time: 00:22:00

Health: -16/52     AC:  8    Str:  7 (10) XL:     9   Next: 86%
Magic:  18/19      EV: 16    Int: 14 (15) God:    Makhleb [......]
Gold:   231        SH:  0    Dex: 16 (18) Spells: 16/20 levels left

rFire   . . .        v - +4 short sword
rCold   . . .        (no shield)
rNeg    + . .        r - +2 leather armour {rPois}
rPois   +            (helmet restricted)
rElec   .            z - +0 cloak
rCorr   .            l - +0 pair of gloves
SInv    .            (boots unavailable)
Will    +....        m - amulet of magic regeneration
Stlth   ++           o - ring of positive energy
HPRegen 0.28/turn    (no ring)
MPRegen 0.56/turn

%: acrobat
@: enlightened, flying, studying Axes
A: beak, talons 3, evasive flight, acrobatic
a: Renounce Religion


You were on level 7 of the Dungeon.
You worshipped Makhleb.
Makhleb was noncommittal.
You visited 2 branches of the dungeon, and saw 8 of its levels.

You collected 391 gold pieces.
You spent 160 gold pieces at shops.

Inventory:

Hand Weapons
 c - a +0 dagger
 d - a +0 short sword of protection
 g - a +1 spectral quarterstaff
 s - a +0 falchion
 v - a +4 short sword (weapon)
 x - a +0 dagger of venom
 A - a +0 long sword
Missiles
 n - 4 throwing nets
Armour
 a - a +0 robe
 l - a +0 pair of gloves (worn)
 r - a +2 leather armour of poison resistance (worn)
 z - a +0 cloak (worn)
Jewellery
 m - an amulet of magic regeneration (around neck)
 o - a ring of positive energy (left hand)
Scrolls
 e - 2 scrolls of teleportation
 h - 2 scrolls of blinking {unknown}
 i - 5 scrolls of identify
 k - 2 scrolls of amnesia
 q - a scroll of fear
 u - a scroll of summoning {unknown}
 y - a scroll of fog {unknown}
Potions
 b - a potion of magic
 j - a potion of lignification {unknown}
 p - a potion of brilliance {unknown}
 t - a potion of berserk rage {unknown}
 w - a potion of curing {unknown}


   Skills:
 * Level 4.0 Fighting
 + Level 0.4 Short Blades
 + Level 2.2 Staves
 * Level 4.9 Armour
 + Level 3.5 Dodging
 + Level 3.0 Stealth
 + Level 6.0 Spellcasting
 + Level 8.1 Conjurations
 + Level 9.5 Air Magic


You had 16 spell levels left.
You knew the following spells:

 Your Spells              Type           Power      Damage    Failure   Level
a - Shock                 Conj/Air       100%       1d9       1%          1
b - Swiftness             Air            30%        N/A       1%          3

Your spell library contained the following spells:

 Spells                   Type           Power      Damage    Failure   Level
 Static Discharge         Conj/Air       58%        3-6/arc   1%          2
 Airstrike                Air            15%        2d(3-19)  4%          4
 Hailstorm                Conj/Ice       15%        3d5       13%         3
 Summon Ice Beast         Ice/Summ       4%         N/A       91%         4
 Simulacrum               Ice/Necr       2%         N/A       100%        6


Dungeon Overview and Level Annotations

Branches:
Dungeon (7/15)             Temple (1/1) D:7

Altars:
Ashenzari
Cheibriados
Elyvilon
Fedhas
Gozag
Hepliaklqana
Kikubaaqudgha
Makhleb
Nemelex Xobeh
Ru
Sif Muna
Trog
Vehumet
Xom
Zin
The Shining One

Shops:
D:1 :   D:4 ?   D:5 [*

Annotations:
D:6 3 runed translucent doors, jlumianski's ghost, novice GnSh


Innate Abilities, Weirdness & Mutations

You have a beak for a mouth.
You have claws for feet.
Your magical flight helps you evade attacks. (EV +4)
You can magically evade attacks while moving or waiting.


Message History

The boulder beetle is lightly wounded.
The zap hits the boulder beetle.
The boulder beetle is lightly wounded.
The boulder beetle curls into a ball and begins rolling!
The boulder beetle closely misses you.
The boulder beetle stops rolling and uncurls.
The zap hits the boulder beetle but does no damage.
The boulder beetle is lightly wounded.
The boulder beetle bites you.
The zap hits the boulder beetle but does no damage.
The boulder beetle is lightly wounded.
The boulder beetle bites you!!
You hit the boulder beetle but do no damage.
You claw the boulder beetle, but do no damage.
The boulder beetle is lightly wounded.
The boulder beetle barely misses you.
You hit the boulder beetle but do no damage.
The boulder beetle is lightly wounded.
The boulder beetle bites you.
The boulder beetle attacks as it pursues you!
The boulder beetle misses you.
You are too injured to fight recklessly!
Aiming: Shock (safe; 1% risk of failure)
Press: ? - help, Q - select action, (/) - cycle Shift-Dir - straight line, f/p - boulder beetle
Aim: a boulder beetle (lightly wounded, 100% to hit)
Okay, then.
Unknown command.
You hit the boulder beetle but do no damage.
Your kick misses the boulder beetle.
The boulder beetle is lightly wounded.
The boulder beetle bites you!
* * * LOW HITPOINT WARNING * * *
You hit the boulder beetle but do no damage.
The boulder beetle is lightly wounded.
The boulder beetle bites you.
* * * LOW HITPOINT WARNING * * *
It was a potion of enlightenment.
You feel more buoyant. The boulder beetle bites you!!
You die...

##.#........ ###
########........... ..#
#...........########..#
#.#########.#....##...# #####.#
#....#.#._~....⌠.# #.....#
#.##.#.#...~.....#
#..#######.##...#...~.~...#
####..........####.##○.~~≈~~.#
#.......#######.@..##°.≈≈≈~..####
#...............B..#°..≈≈≈~~.....
#.....#..............⌠..~~......#
#.....#.#.#######................
#.###.....#............#.........
..# ###.###.#####......#.........
..# #.# #.# #......#......... ..#
#.# #.# #......#......... ..# #.#
#.# #......#.........


You could see a boulder beetle.

Vanquished Creatures
  Menkaure (D:4)
  2 ice beasts
  3 orc warriors (D:6)
  3 black bears
  3 ogres
  2 centaurs
  A phantom (D:5)
  A kobold brigand (D:6)
  A bullfrog (D:6)
  3 scorpions
  5 wights (D:6)
  2 killer bees
  A jelly (D:5)
  2 howler monkeys (D:7)
  5 hounds
  2 gnoll boudas
  3 orc priests
  3 iguanas
  A sleepcap (D:6)
  Terence (D:2)
  10 orc wizards
  8 gnolls
  6 adders
  A white imp (D:6)
  2 ufetubi (D:7)
  A worm (D:4)
  2 dart slugs
  27 orcs
  3 bats (D:1)
  5 endoplasms
  4 giant cockroaches
  15 goblins
  A hobgoblin (D:2)
  2 jackals (D:3)
  10 kobolds
  3 quokkas
  7 ball pythons
  6 rats
158 creatures vanquished.

Notes
Turn   | Place    | Note
-------+----------+-------------------------------------------
     0 | D:1      | wildpjah the Tengu Air Elementalist began the quest for the
                  | Orb.
     0 | D:1      | Reached XP level 1. HP: 10/10 MP: 4/4
   203 | D:1      | Reached XP level 2. HP: 14/15 MP: 0/6
   604 | D:1      | Found Zoscheoma's Book Shoppe.
  1046 | D:2      | Reached XP level 3. HP: 19/19 MP: 1/7
  1485 | D:2      | Noticed Terence
  1493 | D:2      | Killed Terence
  1494 | D:2      | Reached XP level 4. HP: 24/24 MP: 0/9
  2607 | D:3      | Reached skill level 5 in Air Magic
  2620 | D:3      | Found a faded altar of an unknown god.
  2904 | D:4      | Noticed an ogre
  2912 | D:4      | Killed an ogre
  2913 | D:4      | Reached XP level 5. HP: 28/28 MP: 0/10
  2996 | D:4      | Noticed Menkaure
  3005 | D:4      | Killed Menkaure
  3006 | D:4      | Reached XP level 6. HP: 11/33 MP: 8/12
  3113 | D:4      | Found Ydyor's Magic Scroll Boutique.
  3197 | D:4      | Reached skill level 1 in Staves
  3197 | D:4      | Reached skill level 6 in Air Magic
  3212 | D:4      | Gained mutation: Your magical flight helps you evade
                  | attacks. (EV +4) [Tengu growth]
  3212 | D:4      | Reached XP level 7. HP: 37/37 MP: 10/14
  3355 | D:4      | Learned a level 3 spell: Swiftness
  3773 | D:5      | Entered Level 5 of the Dungeon
  3798 | D:5      | Reached skill level 5 in Conjurations
  3912 | D:5      | Reached skill level 1 in Fighting
  3992 | D:5      | Reached XP level 8. HP: 38/43 MP: 16/16
  4029 | D:5      | Reached skill level 7 in Air Magic
  4214 | D:5      | Found Leariog's Armour Emporium.
  4217 | D:5      | Bought a +2 leather armour of poison resistance for 160
                  | gold pieces
  4295 | D:5      | Reached skill level 1 in Armour
  4376 | D:5      | Reached skill level 5 in Spellcasting
  4425 | D:5      | Found Soeriher's Assorted Antiques.
  4743 | D:6      | Reached skill level 8 in Air Magic
  4743 | D:6      | Reached XP level 9. HP: 49/49 MP: 14/17
  4858 | D:6      | Found a snail-covered altar of Cheibriados.
  5222 | D:6      | Found a glowing silver altar of Zin.
  5465 | D:6      | Reached skill level 9 in Air Magic
  5726 | D:6      | Found a runed translucent gate.
  5726 | D:6      | Found a runed translucent gate.
  5727 | D:6      | Found a runed translucent gate.
  5727 | D:6      | Found an opulent altar of Gozag.
  5739 | D:6      | Noticed jlumianski's ghost (novice GnSh)
  5740 | D:6      | Noticed a cyclops
  6084 | D:7      | Found an ancient bone altar of Kikubaaqudgha.
  6133 | D:7      | Noticed a boulder beetle
  6227 | D:7      | HP: 2/52 [steam dragon/ball of steam (13)]
  6475 | D:7      | Found a staircase to the Ecumenical Temple.
  6498 | Temple   | Entered the Ecumenical Temple
  6505 | Temple   | Became a worshipper of Makhleb the Destroyer
  6860 | D:7      | Demolished by a boulder beetle

Illustrated notes

Levels and vault maps discovered:
D:1:      dpeg_arrival_stonehenge_8_columns, layout_basic, serial_shops,
          nicolae_book_shop_shelving
D:2:      layout_loops_ring, uniq_terence
D:3:      layout_loops_ring, ebering_ecumenical_altar_hall,
          portal_sewer_entry_d, ebering_dispersal_statue_hall, minivault_14,
          chequers_mini_garden, minivault_26
D:4:      layout_basic, nicolae_overflow_hidden_temple, serial_shops,
          nicolae_shop_pleasant_corner_grove, minmay_ogre_servants,
          uniq_menkaure
D:5:      layout_rooms, serial_shops, nicolae_shop_real_fake_doors,
          nicolae_shop_stone, skrybe_limestone_x, kennysheep_generic_room_15
D:6:      layout_basic, mainiacjoe_overflow_alcove_4, kennysheep_slug_shrine,
          ebering_ghost_gozag, kennysheep_dice
D:7:      layout_basic, kiku_gazebo_pond_becter, minmay_temple_entry_tees,
          dk_noncrumbling_3, minmay_manual_monstrance
Temple:   nicolae_temple_x_marks_the_god

Skill      XL: |  1  2  3  4  5  6  7  8  9 |
---------------+----------------------------+-----
Conjurations   | 2 3 4 5 6 8 |  8.1
Air Magic      | 5 6 8 9 |  9.5
Spellcasting   | 3 4 5 6 |  6.0
Staves         | 1 2 |  2.2
Stealth        | 3 |  3.0
Fighting       | 1 2 4 |  4.0
Dodging        | 3 |  3.5
Armour         | 3 4 |  4.9
Short Blades   | |  0.4

Action                     |  1- 3 |  4- 6 |  7- 9 || total
---------------------------+-------+-------+-------++-------
  Melee: Short sword       |     8 |       |    37 ||    45
         Kick              |     2 |     1 |    14 ||    17
         Peck              |     2 |     1 |    11 ||    14
         Dagger            |     1 |       |       ||     1
         Quarterstaff      |       |     3 |    19 ||    22
         Punch             |       |       |     1 ||     1
   Cast: Shock             |    60 |    66 |   341 ||   467
         Swiftness         |       |       |     3 ||     3
    Use: Scroll            |       |     6 |       ||     6
         Potion            |       |       |     4 ||     4
   Stab: Sleeping          |       |     1 |       ||     1
 Armour: Robe              |     7 |     6 |    24 ||    37
         Leather armour    |       |       |    74 ||    74
  Dodge: Dodged            |    25 |     9 |   152 ||   186

Table legend: (Time is in decaauts)
 A = Elapsed time spent in this place.
 B = Non-inter-level travel time spent in this place.
 C = Inter-level travel time spent in this place.
 D = Time resting spent in this place.
 E = Time spent auto-exploring this place.
 F = Levels seen in this place.
 G = Mean time per level.
                   A        B        C        D        E       F      G
               +--------+--------+--------+--------+--------+-----+--------+
         Total |   6867 |   6681 |    186 |    211 |   5334 |   8 |  858.4 |
       Dungeon |   6852 |   6672 |    180 |    211 |   5334 |   7 |  978.9 |
        Temple |     14 |      8 |      6 |      0 |      0 |   1 |   14.0 |
               +--------+--------+--------+--------+--------+-----+--------+

Top non-repeatable levels by time:
     D:6: 1676 daAuts
     D:2: 986 daAuts
     D:3: 973 daAuts
     D:1: 942 daAuts
     D:4: 877 daAuts
     D:5: 841 daAuts
     D:7: 554 daAuts
  Temple: 14 daAuts
